cohdb
Replays
Latest Replays
All Replays
Popular Replays
Top Player Replays
Match Explorer
How It Works
Community
CoH3 Stats
Reddit
Sign in to upload your games and track your stats! →
Sign in with Steam
Match 43163308
Unlisted
Match 43163308
Overview
Messages
Build Orders
End
Vickers Machine Gun Team
Selects Canadian Shock Battlegroup
Royal Engineer Section
Construct Section Command Post
ML 3-inch Mortar Team
ML 3-inch Mortar Team
Infantry Section
Infantry Section
Selects Incendiary Munitions
Infantry Section
Grenade Package
Construct Platoon Command Post
Construct Field Infirmary
Selects Pyrotechnics
6-pounder Anti-tank Gun Team
CMP 15cwt Truck
Construct Company Command Post
Unlock M3 Grant Medium Tanks
Big Bang
ŁiViTiWarioR☯☢
Mr.Kotatch
MuniekPL
Papa Shango
Husar
0
0
Comments
sign in to comment!
No comments posted yet!